 Dungeon Crawl Stone Soup version 0.31-a0-263-ge8cad7f256 (webtiles) character file.

Game seed: 16459219165598282732

70 qw the Shooter (level 4, -1/26 HPs)
             Began as a Gargoyle Hexslinger on July 13, 2023.
             Slain by Terence
             ... wielding a +0 trident
              (8 damage)
             ... on level 2 of the Dungeon.
             The game lasted 00:00:31 (1442 turns).

qw the Shooter (Gargoyle Hexslinger)                Turns: 1442, Time: 00:00:32

Health: -1/26      AC:  8    Str: 11    XL:     4   Next: 22%
Magic:  5/5        EV: 10    Int: 14    God:
Gold:   120        SH:  0    Dex: 14    Spells: 4/5 levels left

rFire   . . .        Y - +1 sling (flame)
rCold   . . .        (no shield)
rNeg    + . .        h - +0 ring mail
rPois   inf          (no helmet)
rElec   +            (no cloak)
rCorr   +            (no gloves)
SInv    .            (no boots)
Will    .....        g - amulet of faith
Stlth   +            e - ring of resist corrosion
HPRegen 0.24/turn    (no ring)
MPRegen 0.09/turn

%: faith
@: no status effects
A: sickness immunity, AC +3, negative energy resistance 1, electricity
resistance, torment resistance 1, petrification resistance
a: no special abilities


You were on level 2 of the Dungeon.
You visited 1 branch of the dungeon, and saw 2 of its levels.

You collected 120 gold pieces.


Innate Abilities, Weirdness & Mutations

You are immune to sickness and miasma.
Your stone body is resilient. (AC +3)
You are immune to poison.
You resist negative energy. (rN+)
You are resistant to electric shocks. (rElec)
You are resistant to unholy torment.
You are immune to petrification.


   Skills:
 - Level 2.0 Fighting
 - Level 4.0 Ranged Weapons
 + Level 0.0 Armour
 - Level 1.5 Dodging
 - Level 1.0 Spellcasting
 - Level 2.6 Hexes


You had 4 spell levels left.
You knew the following spells:

 Your Spells              Type           Power      Damage    Failure   Level
a - Slow                  Hex            32%        N/A       22%         1

Your spell library contained the following spells:

 Spells                   Type           Power      Damage    Failure   Level
 Inner Flame              Hex/Fire       4%         N/A       73%         3
 Portal Projectile        Hex/Tloc       8%         N/A       73%         3
 Cause Fear               Hex            4%         N/A       91%         4

Inventory:

Hand Weapons
 Y - a +1 sling of flaming (weapon)
Armour
 b - a +0 pair of gloves
 h - a +0 ring mail (worn)
Jewellery
 e - a ring of resist corrosion (left hand)
 g - an amulet of faith (around neck)
Scrolls
 a - a scroll of identify
 c - a scroll of torment {unknown}
 d - a scroll of acquirement {unknown}
Potions
 f - a potion of invisibility {unknown}
 i - a potion of heal wounds {unknown}
 n - a potion of resistance {unknown}

Dungeon Overview and Level Annotations

Branches:
Dungeon (2/15)

Altars:
Xom

Annotations:
D:2 Terence


Message History

Terence hits you but does no damage. Terence says, "Did you write a will?
You should..."
Terence barely misses you.
You shoot a sling bullet. The sling bullet barely misses Terence.
Terence hits you from afar with a +0 trident.
You shoot a sling bullet.
The sling bullet hits Terence but does no damage.
Terence hits you but does no damage.
Terence hits you from afar with a +0 trident.
You shoot a sling bullet. The sling bullet barely misses Terence.
Terence closely misses you.
You shoot a sling bullet. The sling bullet barely misses Terence.
Terence hits you from afar with a +0 trident.
You shoot a sling bullet.
The sling bullet hits Terence but does no damage.
Terence hits you from afar with a +0 trident.
Terence closely misses you.
Enter note:
Enter note:
Enter note:
Enter note:
Enter note:
Enter note:
Enter note:
Enter note:
Enter note:
1438 ||| UPGRADING to +0 pair of gloves.
Terence closely misses you.
You start putting on your armour.
You continue putting on your +0 pair of gloves.
Terence hits you from afar with a +0 trident.
Keep equipping yourself?
You continue putting on your +0 pair of gloves.
Terence misses you.
You continue putting on your +0 pair of gloves.
Terence shouts, "Get ready for death!"
Terence hits you but does no damage.
You continue putting on your +0 pair of gloves.
Terence hits you from afar with a +0 trident!
You die...

#.#
#.........###
#.#
#.###.....#)#.#
#.#
#...........#.#
#.#
#####.....###.#
#.# #.....# #.#
#.# ### #.#.###
#.# #.#
..######.#.#
#.# ..#
#.......#..#
#.# ###
########.###
#@# ###
#..@.....
#########


You could see Terence.

Vanquished Creatures
  4 adders (D:2)
  A worm (D:2)
  3 dart slugs
  2 bats
  5 endoplasms
  4 goblins
  A hobgoblin (D:1)
  A quokka (D:1)
  2 frilled lizards (D:2)
  2 kobolds
  2 rats (D:2)
27 creatures vanquished.

Notes
Turn   | Place    | Note
-------+----------+-------------------------------------------
     0 | D:1      | qw the Gargoyle Hexslinger began the quest for the Orb.
     0 | D:1      | Reached XP level 1. HP: 12/12 MP: 2/2
     0 | D:1      | 0 ||| qw: Version: 0.3-a-52-g30416fa
     0 | D:1      | 0 ||| qw: Game counter: 7304
     0 | D:1      | 0 ||| qw: Melee chars always use a shield: true
     0 | D:1      | 0 ||| qw: God list: Okawaru
     0 | D:1      | 0 ||| qw: Allow faded altars: false
     0 | D:1      | 0 ||| qw: Do Orc after clearing Dungeon:15 true
     0 | D:1      | 0 ||| qw: Do second Lair branch before Depths: true
     0 | D:1      | 0 ||| qw: Lair rune preference: random
     0 | D:1      | 0 ||| qw: Goals: Normal
     0 | D:1      | 0 ||| PLANNING D:1-11
    32 | D:1      | Reached XP level 2. HP: 14/16 MP: 3/3
   275 | D:1      | Reached skill level 3 in Ranged Weapons
   543 | D:1      | 543 ||| UPGRADING to +0 ring mail.
   553 | D:1      | 553 ||| DROPPING +0 robe.
   554 | D:1      | 554 ||| UPGRADING to amulet of faith.
   559 | D:1      | 559 ||| DROPPING +6 ring of intelligence.
   560 | D:1      | 560 ||| UPGRADING to ring of resist corrosion.
   561 | D:1      | 561 ||| READING scroll labelled CEONUC EWUST.
   562 | D:1      | 562 ||| READING scroll labelled NUBUHY NERHE.
   566 | D:1      | 566 ||| READING scroll labelled FIDURY LUCW.
   567 | D:1      | 567 ||| READING scroll labelled DERIUTR TANTOER.
   568 | D:1      | 568 ||| READING scroll labelled VIUTAWKU KUTIE.
   569 | D:1      | 569 ||| READING scroll labelled YCHY ESIREMAI.
   570 | D:1      | 570 ||| DROPPING scroll of poison.
   595 | D:2      | Reached XP level 3. HP: 21/21 MP: 4/4
   621 | D:2      | Found a faded altar of an unknown god.
   651 | D:2      | Found a shimmering altar of Xom.
  1176 | D:2      | HP: 5/21 [frozen (2)]
  1177 | D:2      | Reached XP level 4. HP: 6/26 MP: 5/5
  1177 | D:2      | 1177 ||| READING scroll of teleportation.
  1177 | D:2      | HP: 2/26 [frozen (5)]
  1382 | D:2      | Reached skill level 4 in Ranged Weapons
  1428 | D:2      | Noticed Terence
  1438 | D:2      | 1438 ||| UPGRADING to +0 pair of gloves.
  1439 | D:2      | HP: 6/26 [Terence/+0 trident (5)]
  1442 | D:2      | Slain by Terence

Levels and vault maps discovered:
D:1:      dpeg_arrival_solitude, layout_basic
D:2:      layout_loops_ring, ebering_ecumenical_altar_hall, basic_altar,
          lemuel_flame_loot_1, uniq_terence

Skill      XL: |  1  2  3  4 |
---------------+-------------+-----
Ranged Weapons | 3 4 |  4.0
Fighting       | 2 |  2.0
Dodging        | |  1.5
Spellcasting   | |  1.0
Hexes          | |  2.6

Action                     |  1- 3 |  4- 6 || total
---------------------------+-------+-------++-------
   Fire: Sling             |    80 |    36 ||   116
    Use: Scroll            |     6 |     1 ||     7
 Armour: Robe              |    10 |       ||    10
         Ring mail         |    13 |    21 ||    34
  Dodge: Dodged            |    32 |    22 ||    54

Table legend:
 A = Non-vault XP
 B = Vault XP
 C = Vault XP percentage of total XP
 D = Non-vault monster count
 E = Vault monster count
 F = Vault count percentage of total count
                 A         B        C        D         E       F
            +---------+---------+-------+---------+---------+-------
      Total |     101 |       0 |   0.0 |      27 |       0 |   0.0
            +---------+---------+-------+---------+---------+-------
        D:1 |      21 |       0 |   0.0 |      10 |       0 |   0.0
        D:2 |      80 |       0 |   0.0 |      17 |       0 |   0.0
            +---------+---------+-------+---------+---------+-------
